Map: Discord IV

Players

HORSES - Winner!

  • Race: Zerg Zerg
  • Spawn Location: 5:00

couchman

  • Race: Terran Terran
  • Spawn Location: 9:00

Ecronoss - Winner!

  • Race: Protoss Protoss
  • Spawn Location: 5:00

Devley

  • Race: Terran Terran
  • Spawn Location: 11:00

VOD

Have the link to the VOD?

Description

Time

  • Played on: Dec. 11, 2021, 12:06 a.m.
  • Length: 27:33
Show
View Real Time Build Order
Export as new Build Order

HORSES Zerg - Winner!

Build Orders: Hatch First 

Get SALT Encoding   

  12  0:11  Drone x2  
  14  0:19  Overlord  
  14  0:44  Overlord  
  14  0:47  Drone x2  
  16  1:05  Drone  
  17  1:18  Drone  
  18  1:25  Extractor  
  17  1:35  Drone  
  18  2:05  Hatchery  
  18  2:07  Drone x2  
  19  2:10  Drone  
  20  2:30  Spawning Pool  
  19  2:39  Drone x2  
  21  2:58  Overlord x2  
  21  3:07  Extractor  
  21  3:11  Drone, Extractor  
  20  3:18  Drone  
  21  3:26  Lair  
  21  3:28  Queen  
  21  3:29  Drone  
  24  3:39  Drone x3  
  27  3:56  Extractor  
  27  4:00  Zergling x2  
  29  4:02  Zergling x4  
  29  4:03  Zergling x2  
  29  4:04  Queen  
  32  4:12  Zergling x4  
  34  4:18  Drone  
  35  4:30  Queen  
  37  4:35  Drone x2  
  39  4:39  Drone  
  39  4:43  Drone  
  41  5:03  Drone  
  42  5:07  Drone  
  42  5:08  Drone  
  42  5:14  Lair  
  44  5:17  Queen  
  46  5:52  Metabolic Boost  
  46  5:53  Roach Warren  
  45  6:05  Zergling x6  
  45  6:10  Overlord x3  
  48  6:21  Drone x3  
  48  6:24  Drone  
  52  6:28  Overlord x2  
  52  6:33  Drone  
  53  6:59  Roach x4  
  61  7:03  Roach x5  
  71  7:26  Overlord x4  
  71  7:42  Glial Reconstitution  
  71  7:51  Roach x4  
  79  7:54  Roach x3  
  62  9:31  Roach x6  
  56  9:35  Roach  
  56  9:36  Roach x4  
  70  9:44  Ravager  
  71  10:22  Hatchery  
  71  10:26  Roach x2  
  71  10:27  Roach  
  76  10:30  Roach x3  
  80  10:42  Roach  
  54  11:07  Roach x3  
  48  11:15  Roach  
  48  11:16  Roach x2  
  54  11:21  Roach x4  
  54  11:25  Roach x3  
  53  11:38  Drone  
  32  11:49  Drone x2  
  32  11:58  Queen  
  32  12:00  Roach x3  
  40  12:13  Roach x2  
  40  12:14  Roach x2  
  48  12:23  Roach x2  
  52  12:49  Drone x3  
  52  12:50  Queen  
  57  12:56  Roach x3  
  63  13:10  Roach  
  65  13:15  Roach x6  
  65  13:16  Roach x3  
  83  13:22  Drone  
  83  13:26  Drone  
  83  13:27  Drone x2  
  57  14:37  Roach  
  57  14:38  Roach x5  
  69  14:46  Roach x6  
  69  14:49  Lair  
  69  14:51  Drone x3  
  84  15:08  Roach x2  
  84  15:10  Roach  
  84  15:11  Roach  
  92  15:20  Drone x2, Infestation Pit  
  92  15:21  Drone  
  94  15:26  Drone x3  
  97  15:56  Roach x3  
  103  15:59  Roach x3  
  65  17:04  Roach  
  65  17:05  Roach x2  
  71  17:27  Evolution Chamber  
  70  17:30  Roach x2  
  74  17:44  Drone  
  74  17:46  Roach  
  74  17:47  Roach x3  
  83  18:01  Evolution Chamber  
  83  18:04  Zerg Missile Weapons Level 1  
  82  18:10  Hive  
  88  18:20  Roach x6  
  88  18:22  Roach  
  88  18:23  Roach x8  
  112  18:30  Roach x5  
  122  18:37  Roach x2  
  126  18:44  Roach  
  128  18:52  Drone x2  
  130  18:57  Overlord  
  130  19:02  Overlord x2  
  130  19:21  Roach x4  
  138  19:26  Roach x6  
  144  19:58  Zerg Ground Armor Level 1  
  90  20:34  Roach x3  
  90  20:35  Roach x4  
  104  20:39  Roach x6  
  104  20:40  Roach x2  
  120  20:58  Extractor  
  121  21:11  Roach x4  
  121  21:12  Roach x2  
  121  21:18  Roach x6  
  139  21:21  Roach x4  
  139  21:22  Roach  
  153  21:25  Overlord  
  153  21:34  Overlord  
  157  22:01  Roach x5  
  163  22:11  Roach  
  163  22:12  Roach x2  
  169  22:17  Overlord x2  
  169  22:25  Zerg Missile Weapons Level 2  
  169  22:33  Drone  
  170  22:43  Extractor  
  169  22:45  Extractor  
  169  22:48  Zergling x2  
  169  22:49  Roach x3, Zergling x2  
  169  22:50  Roach  
  122  24:32  Roach x3  
  122  24:33  Roach x3  
  122  24:35  Roach x2  
  122  24:36  Roach x4  
  142  24:42  Tunneling Claws  
  142  25:33  Roach x3  
  148  25:40  Roach x3  
  154  26:07  Roach x5  
  154  26:08  Roach  
  167  26:18  Ravager  
Show
View Real Time Build Order
Export as new Build Order

couchman Terran 

Build Orders:  

Get SALT Encoding   

  12  0:00  SCV  
  13  0:12  SCV  
  14  0:20  Supply Depot  
  14  0:26  SCV  
  15  0:42  SCV  
  16  0:46  Refinery  
  16  0:54  SCV  
  17  0:58  Barracks  
  17  1:07  SCV  
  18  1:19  SCV  
  19  1:31  SCV  
  20  1:40  Command Center  
  20  1:43  SCV  
  21  1:48  Barracks Tech Lab  
  21  1:53  Engineering Bay  
  21  1:57  SCV  
  22  2:13  Refinery  
  22  2:15  SCV  
  23  2:26  Combat Shield  
  23  2:38  Terran Infantry Weapons Level 1  
  23  2:52  Marine, Supply Depot, SCV  
  23  2:56  Supply Depot  
  25  3:10  Marine  
  26  3:13  SCV  
  26  3:14  Supply Depot  
  27  3:24  SCV  
  27  3:25  SCV  
  29  3:27  Marine  
  29  3:29  Supply Depot  
  30  3:36  SCV  
  30  3:37  SCV  
  32  3:45  Marine, Stimpack  
  33  3:49  Factory, SCV  
  33  3:52  Supply Depot  
  34  4:01  SCV  
  34  4:02  SCV  
  36  4:03  Marine  
  37  4:13  SCV  
  37  4:14  SCV  
  39  4:21  Marine  
  39  4:22  Command Center  
  40  4:32  Terran Infantry Armor Level 1  
  40  4:35  Supply Depot  
  40  4:39  Marine  
  40  4:41  Orbital Command  
  41  4:57  Marine  
  41  4:59  SCV  
  43  5:00  Supply Depot  
  43  5:11  SCV  
  43  5:12  Barracks, Factory Tech Lab  
  44  5:14  Marine  
  45  5:24  Missile Turret, SCV  
  46  5:32  Marine  
  47  5:36  SCV  
  47  5:41  Siege Tank  
  51  5:48  SCV x2  
  53  5:50  Marine  
  54  5:58  Supply Depot  
  54  6:00  SCV x2  
  56  6:08  Marine, Barracks  
  56  6:09  Barracks Reactor  
  57  6:13  Siege Tank, SCV  
  61  6:20  Bunker  
  61  6:21  Supply Depot  
  61  6:25  SCV  
  62  6:26  Marine  
  62  6:29  SCV  
  64  6:36  SCV  
  64  6:37  SCV  
  66  6:41  SCV  
  66  6:43  Marine  
  66  6:44  Supply Depot  
  66  6:45  Siege Tank  
  71  6:48  SCV  
  71  6:51  Refinery  
  71  6:53  Starport, SCV  
  73  7:00  SCV  
  74  7:01  Marine  
  74  7:05  SCV  
  74  7:08  Supply Depot  
  76  7:12  SCV  
  76  7:13  Barracks Reactor  
  76  7:14  Marine x2  
  79  7:16  Refinery  
  79  7:17  Siege Tank, SCV  
  79  7:19  Marine  
  84  7:24  SCV  
  85  7:30  Supply Depot, Armory  
  85  7:31  Marine  
  85  7:32  Marine  
  87  7:37  Marine  
  88  7:49  Marine x2, Siege Tank  
  93  7:53  SCV  
  93  7:55  Marine, SCV  
  93  7:56  Command Center  
  96  8:05  SCV  
  97  8:07  Marine x2, SCV  
  100  8:17  SCV  
  100  8:19  SCV  
  92  8:29  SCV  
  92  8:31  SCV  
  94  8:36  Siege Tank  
  94  8:38  Marine x5  
  102  8:41  SCV  
  102  8:44  SCV  
  104  8:51  Bunker  
  104  8:54  Missile Turret  
  104  8:55  Marine  
  104  8:56  Marine x4  
  104  9:02  Bunker  
  109  9:08  Siege Tank  
  112  9:10  Missile Turret  
  112  9:13  Marine x3  
  112  9:14  Marine x2  
  103  9:37  SCV  
  104  9:40  Siege Tank  
  104  9:43  Barracks x2  
  107  9:46  Marine x3  
  107  9:47  Marine  
  107  9:50  SCV  
  112  9:52  Viking  
  114  10:00  Armory  
  114  10:02  SCV, Terran Vehicle Weapons Level 1  
  114  10:04  Marine x4  
  114  10:05  Terran Infantry Weapons Level 2  
  119  10:13  Siege Tank  
  119  10:14  SCV  
  123  10:22  Marine x4, Viking  
  123  10:23  Refinery  
  123  10:26  SCV  
  127  10:38  SCV  
  118  10:45  Siege Tank  
  118  10:52  Viking  
  120  11:00  Marine x5  
  121  11:17  Marine, Siege Tank  
  122  11:22  Viking  
  112  11:49  Siege Tank  
  100  11:56  Terran Vehicle And Ship Armor Level 1  
  100  11:57  Marine  
  100  11:59  Marine  
  102  12:02  Missile Turret  
  102  12:05  Missile Turret  
  96  12:15  Marine x5  
  97  12:16  Marine  
  97  12:21  Siege Tank  
  97  12:22  Starport Tech Lab  
  105  12:24  Terran Infantry Weapons Level 3  
  105  12:33  Marine x5  
  105  12:34  Marine  
  111  12:51  Marine x3  
  113  12:52  Marine  
  113  12:53  Siege Tank  
  113  12:56  Marine x3  
  119  13:08  Marine  
  119  13:09  Marine  
  115  13:14  Marine x3  
  106  13:25  Siege Tank  
  106  13:26  Marine x2  
  104  13:32  Marine x3  
  106  13:37  Barracks  
  106  13:44  Marine x2  
  108  13:49  Marine x2  
  108  13:50  Marine  
  111  13:57  Siege Tank  
  111  14:02  Marine x2  
  116  14:07  Marine x3  
  110  14:20  Marine x2  
  111  14:25  Marine x2, Barracks  
  114  14:34  Barracks Reactor  
  114  14:37  Marine  
  114  14:38  Marine  
  115  14:39  Banshee  
  115  14:43  Marine x2  
  120  14:48  Planetary Fortress  
  120  14:55  Marine x2  
  122  15:01  Marine x2, Terran Infantry Armor Level 2  
  124  15:09  Marine  
  124  15:10  Marine x2  
  124  15:12  Barracks  
  124  15:13  Marine x2  
  129  15:18  Marine  
  129  15:19  Marine  
  131  15:22  Banshee  
  131  15:26  Marine  
  131  15:28  Marine x2  
  136  15:31  Marine x2  
  139  15:36  Marine x2  
  139  15:38  Fusion Core  
  135  16:05  Banshee  
  70  16:46  Marine  
  70  16:47  Marine x2  
  67  16:48  Banshee  
  67  16:49  Barracks Reactor  
  67  16:50  Barracks Reactor  
  67  16:51  Marine x3  
  74  16:54  Weapon Refit  
  74  16:57  Terran Vehicle And Ship Armor Level 2  
  74  17:04  Marine x2  
  74  17:05  Marine  
  77  17:08  Marine  
  77  17:09  Marine x2  
  80  17:17  Neosteel Armor  
  80  17:19  Command Center  
  80  17:22  Marine x3  
  81  17:26  Marine x2  
  81  17:27  Marine, Bunker  
  86  17:30  Bunker  
  86  17:31  Battlecruiser  
  86  17:33  Bunker  
  92  17:38  Marine x3  
  92  17:39  Marine x2  
  92  17:40  Marine x3  
  100  17:44  Marine x3  
  100  17:46  Supply Depot  
  100  17:49  Supply Depot  
  103  17:56  Marine x2  
  105  18:09  Supply Depot  
  105  18:10  Missile Turret  
  105  18:11  Supply Depot  
  105  18:19  Missile Turret  
  105  18:20  Refinery  
  105  18:21  Missile Turret  
  105  18:22  Missile Turret  
  105  18:26  Refinery  
  105  18:34  Rapid Reignition System, Supply Depot  
  105  18:35  Marine x4, Battlecruiser  
  105  18:36  Marine x6  
  121  18:41  Missile Turret  
  121  18:52  Planetary Fortress  
  121  18:53  Marine x6  
  121  18:54  Marine x4  
  131  18:57  Hi-Sec Auto Tracking, Supply Depot  
  131  19:00  Terran Ship Weapons Level 1  
  131  19:11  Marine x2  
  131  19:12  Terran Vehicle Weapons Level 2  
  133  19:31  Advanced Ballistics  
  78  19:54  Terran Infantry Armor Level 3  
  71  20:18  Marine x4  
  71  20:19  Marine x6  
  63  20:29  Battlecruiser  
  62  20:36  Marine x6, Missile Turret  
  62  20:37  Marine x4  
  62  20:38  Missile Turret  
  62  20:39  Missile Turret  
  62  20:40  Missile Turret x2  
  66  20:54  Marine x7  
  64  21:17  Drilling Claws  
  56  21:21  Widow Mine  
  48  21:33  Battlecruiser  
  54  21:42  Widow Mine  
  51  22:04  Widow Mine  
  48  22:25  Widow Mine  
  50  22:37  Battlecruiser  
  56  22:46  Widow Mine  
  58  22:56  Starport  
  20  23:37  Marine x4  
  20  23:38  Marine x5  
  32  23:55  Marine x4  
  29  23:56  Marine  
  9  24:47  Missile Turret, Orbital Command  
  9  24:49  Missile Turret  
  9  24:55  Missile Turret  
  8  25:18  Missile Turret  
  8  25:28  Missile Turret  
  8  25:36  SCV  
  9  25:50  Missile Turret  
Show
View Real Time Build Order
Export as new Build Order

Ecronoss Protoss - Winner!

Build Orders: Double Forge 

Get SALT Encoding   

  12  0:02  Probe  
  13  0:14  Probe  
  14  0:26  Probe  
  15  0:37  Assimilator  
  15  0:47  Pylon  
  15  0:51  Pylon  
  15  1:05  Probe  
  15  1:07  Pylon  
  15  1:11  Pylon  
  16  1:15  Pylon  
  16  1:18  Probe  
  17  1:26  Assimilator  
  17  1:30  Probe  
  18  1:42  Probe  
  20  1:54  Probe  
  20  1:59  Gateway  
  20  2:05  Forge  
  20  2:10  Forge  
  20  2:48  Nexus  
  20  2:49  Gateway  
  20  2:56  Photon Cannon  
  20  2:57  Photon Cannon  
  20  3:06  Photon Cannon  
  20  3:14  Photon Cannon  
  20  3:22  Photon Cannon  
  20  3:35  Photon Cannon  
  20  3:49  Zealot  
  20  3:50  Zealot  
  24  3:59  Probe  
  25  4:11  Probe  
  25  4:16  Zealot  
  28  4:24  Probe  
  29  4:31  Protoss Ground Weapons Level 1  
  29  4:32  Protoss Ground Armor Level 1  
  29  4:34  Zealot  
  29  4:36  Probe  
  32  4:48  Probe  
  33  4:53  Cybernetics Core  
  33  4:57  Cybernetics Core  
  33  5:00  Probe  
  33  5:01  Zealot  
  36  5:07  Photon Cannon  
  36  5:12  Pylon  
  36  5:14  Photon Cannon  
  36  5:24  Probe  
  37  5:37  Probe  
  37  5:42  Nexus  
  38  5:49  Probe, Assimilator  
  39  5:55  Sentry  
  41  5:58  Sentry  
  41  6:01  Probe  
  44  6:07  Probe  
  45  6:13  Probe  
  46  6:19  Probe  
  46  6:21  Sentry  
  46  6:25  Probe  
  50  6:36  Assimilator  
  50  6:41  Assimilator  
  50  6:42  Protoss Air Weapons Level 1  
  50  6:43  Pylon  
  50  6:47  Pylon  
  50  6:50  Pylon  
  50  6:54  Probe  
  51  7:06  Probe  
  52  7:16  Probe  
  52  7:18  Probe  
  54  7:28  Stargate, Probe  
  55  7:30  Stargate, Probe  
  55  7:35  Assimilator  
  56  7:40  Probe  
  56  7:42  Stargate  
  56  7:43  Probe  
  58  7:47  Pylon  
  58  7:52  Photon Cannon  
  58  7:55  Photon Cannon  
  58  7:59  Photon Cannon  
  58  8:02  Photon Cannon  
  58  8:11  Pylon  
  58  8:20  Void Ray  
  62  8:29  Probe  
  62  8:32  Probe  
  64  8:41  Probe  
  64  8:42  Void Ray  
  64  8:44  Probe  
  70  8:55  Void Ray  
  70  8:57  Void Ray  
  78  9:32  Robotics Facility  
  78  9:41  Fleet Beacon  
  78  9:44  Zealot  
  80  9:46  Zealot  
  82  10:00  Void Ray  
  82  10:02  Void Ray  
  86  10:09  Void Ray  
  86  10:11  Zealot  
  86  10:13  Zealot  
  98  10:38  Zealot  
  98  10:40  Zealot  
  98  11:05  Zealot  
  98  11:07  Zealot  
  96  11:13  Mothership  
  96  11:17  Probe  
  95  11:28  Pylon  
  95  11:29  Probe  
  95  11:32  Zealot  
  98  11:34  Zealot  
  100  11:41  Probe  
  101  11:54  Probe  
  98  12:32  Void Ray  
  98  12:33  Void Ray  
  98  12:35  Void Ray  
  110  13:09  Void Ray  
  110  13:10  Void Ray  
  110  13:12  Void Ray  
  118  14:06  Void Ray  
  122  14:23  Pylon  
  122  14:25  Pylon  
  122  14:27  Pylon  
  122  14:29  Pylon  
  122  14:32  Pylon  
  122  14:34  Pylon  
  122  14:35  Void Ray x2  
  122  14:40  Pylon  
  122  14:43  Void Ray, Photon Cannon  
  122  14:44  Photon Cannon  
  130  14:46  Photon Cannon  
  130  14:47  Photon Cannon  
  130  15:13  Void Ray x2  
  130  15:20  Void Ray  
  142  15:50  Void Ray  
  146  15:57  Void Ray  
  142  16:27  Void Ray  
  138  16:34  Void Ray  
  138  17:02  Void Ray  
  138  17:04  Void Ray  
  146  17:23  Mothership  
  154  17:39  Void Ray  
  154  17:41  Protoss Air Armor Level 1, Void Ray  
  154  17:43  Protoss Air Weapons Level 2  
  154  17:44  Observer  
  163  18:05  Observer  
  164  18:16  Void Ray  
  164  18:18  Void Ray  
  160  18:25  Tempest  
  173  18:51  Pylon  
  173  18:53  Void Ray  
  173  18:55  Void Ray  
  181  19:03  Pylon  
  181  19:04  Pylon  
  181  19:07  Pylon  
  181  19:08  Tempest  
  181  19:09  Pylon  
  172  19:32  Void Ray  
  172  19:36  Tempest  
  149  20:15  Tempest  
  149  20:18  Tempest  
  139  21:24  Void Ray  
  139  21:26  Void Ray  
  139  21:28  Void Ray  
  151  22:01  Void Ray  
  151  22:03  Void Ray  
  151  22:05  Void Ray  
  127  22:38  Void Ray  
  127  22:40  Void Ray  
  127  22:42  Void Ray  
  139  23:16  Void Ray  
  139  23:17  Void Ray  
  139  23:19  Void Ray  
  147  23:53  Void Ray  
  147  23:55  Void Ray  
  139  23:56  Void Ray  
  151  24:32  Void Ray  
  151  24:33  Void Ray  
  155  26:07  Void Ray  
  155  26:13  Void Ray  
  159  26:44  Void Ray  
  159  26:50  Void Ray  
Show
View Real Time Build Order
Export as new Build Order

Devley Terran 

Build Orders:  

Get SALT Encoding   

  12  0:02  SCV  
  13  0:14  SCV  
  14  0:26  SCV  
  15  0:35  Supply Depot  
  15  0:56  SCV  
  16  1:03  Supply Depot  
  16  1:08  SCV  
  17  1:20  SCV  
  17  1:24  Refinery  
  18  1:31  Barracks  
  18  1:34  SCV  
  19  1:47  SCV  
  20  1:59  SCV  
  21  2:11  SCV  
  22  2:30  Supply Depot  
  22  2:43  Barracks Tech Lab  
  22  2:52  Engineering Bay  
  22  3:03  Refinery  
  22  3:06  SCV  
  22  3:12  Supply Depot  
  23  3:16  Combat Shield  
  23  3:18  SCV  
  24  3:29  Marauder  
  24  3:30  SCV  
  27  3:50  Marauder, Supply Depot x2  
  29  4:11  Marauder  
  31  4:29  Sensor Tower  
  31  4:33  Marauder  
  31  4:35  Stimpack  
  33  4:54  Marauder  
  35  5:04  Terran Infantry Weapons Level 1  
  35  5:16  Marauder  
  37  5:23  Command Center  
  37  5:37  Marauder  
  37  5:39  Factory  
  39  5:58  Marauder  
  41  6:14  Concussive Shells  
  41  6:20  Marauder  
  43  6:36  SCV  
  44  6:41  Marauder  
  46  6:48  SCV  
  46  6:49  Planetary Fortress  
  47  6:58  Hi-Sec Auto Tracking  
  47  7:00  SCV  
  48  7:02  Marauder, Refinery  
  50  7:12  SCV  
  51  7:24  Marauder, SCV  
  54  7:36  SCV  
  55  7:48  Marauder  
  55  7:49  SCV  
  58  7:56  Terran Infantry Armor Level 1  
  58  8:10  Marauder  
  60  8:17  Armory  
  60  8:31  Marauder  
  62  8:40  Factory Tech Lab  
  62  8:52  Marauder  
  64  8:58  SCV  
  65  9:05  Refinery  
  65  9:10  SCV  
  65  9:14  Marauder  
  68  9:20  Terran Vehicle Weapons Level 1  
  68  9:22  SCV  
  68  9:24  Infernal Pre-Igniter  
  69  9:34  SCV  
  69  9:35  Marauder  
  72  9:45  Supply Depot  
  72  9:46  SCV  
  72  9:47  Supply Depot  
  72  9:50  Neosteel Armor  
  73  9:57  Marauder  
  75  10:06  Thor  
  81  10:12  Supply Depot  
  81  10:15  Supply Depot  
  81  10:18  Marauder  
  83  10:39  Marauder  
  83  10:42  Smart Servos  
  85  10:49  Thor  
  91  11:01  Marauder  
  93  11:14  Terran Vehicle And Ship Armor Level 1  
  93  11:22  Marauder  
  95  11:29  Terran Infantry Weapons Level 2  
  95  11:31  Thor  
  101  11:44  Marauder  
  103  12:05  Marauder  
  105  12:14  Thor  
  89  12:26  Marauder  
  65  12:57  Thor  
  71  13:08  Terran Ship Weapons Level 1  
  71  13:40  Thor  
  71  13:45  Terran Infantry Armor Level 2  
  49  14:23  Thor  
  55  15:02  Terran Vehicle Weapons Level 2  
  55  15:05  Thor  
  55  15:09  Marine  
  56  15:27  Marine  
  57  15:44  Marine  
  57  15:48  Thor  
  64  16:00  Starport  
  64  16:01  Terran Infantry Weapons Level 3  
  64  16:02  Marine  
  65  16:06  Thor x3  
  65  16:20  Marine  
  66  16:31  Thor  
  70  16:38  Marine  
  70  16:56  Marauder  
  54  17:11  Starport Tech Lab  
  54  17:14  Thor  
  60  17:17  Marine  
  60  17:18  Terran Ship Weapons Level 2  
  61  17:28  Fusion Core  
  61  17:35  Marine  
  62  17:53  Marine  
  62  17:57  Thor  
  69  18:10  Marine  
  70  18:19  Cloaking Field  
  70  18:25  Battlecruiser  
  76  18:28  Marine  
  77  18:38  Terran Infantry Armor Level 3  
  77  18:46  Marine  
  78  19:04  Marine  
  79  19:22  Marine  
  80  19:30  Battlecruiser  
  86  19:33  Terran Vehicle And Ship Armor Level 2  
  86  19:38  Corvid Reactor  
  86  19:40  Marine  
  87  19:57  Marine  
  46  20:15  Marine  
  47  20:33  Banshee  
  50  20:42  Missile Turret  
  50  20:57  Hyperflight Rotors  
  50  20:59  Marine  
  51  21:06  Missile Turret  
  51  21:13  Missile Turret  
  51  21:17  Marine  
  52  21:30  Missile Turret  
  52  21:34  Marine  
  52  21:36  Battlecruiser  
  59  21:52  Marine  
  54  22:10  Marine  
  55  22:28  Marine  
  56  22:40  Banshee  
  59  22:46  Marine  
  60  23:04  Marine  
  61  23:21  Marine  
  61  23:23  Banshee  
  62  23:39  Marine  
  39  24:05  Banshee  
Tags
 
Add a new tag
Caveats
  • Supply blocks, unpowered buildings, or Contaminate may cause inaccurate times.
  • Supply counts are checked every 10 seconds.